 Dungeon Crawl Stone Soup version 0.30-a0-879-ga8ba668304 (webtiles) character file.

Game seed: 15974855459978685209

3852 runemasterragnar the Wallflower (level 9, -20/70 HPs)
             Began as a Demonspawn Delver on Mar 12, 2023.
             Was a Believer of Uskayaw.
             Collided with a rock wall (21 damage)
             ... caused by Erica
             ... on level 8 of the Dungeon.
             The game lasted 00:11:51 (6962 turns).

runemasterragnar the Wallflower (Demonspawn Delver) Turns: 6962, Time: 00:11:52

Health: -20/70     AC: 12    Str: 17    XL:     9   Next: 99%
Magic:  14/14      EV: 11    Int: 15    God:    Uskayaw [**....]
Gold:   356        SH:  8    Dex: 14    Spells: 8/8 levels left

rFire   . . .      SeeInvis .    r - +11 trident "Zyacan" {venom, Int+3}
rCold   + . .      Faith    .    E - +0 kite shield
rNeg    . . .      Spirit   .    A - +3 leather armour {rC+}
rPois   .          Reflect  .    (helmet restricted)
rElec   .          Rampage  .    o - +0 cloak
rCorr   .                        b - +0 pair of gloves
Will    .....                    B - +0 pair of boots
Stlth   ++                       (no amulet)
HPRegen 0.31/turn                (no ring)
MPRegen 0.14/turn                (no ring)

@: lethally poisoned (-20 -> -32)
A: horns 2, thin metallic scales 1, demonic magic 2
a: Renounce Religion, Stomp, Line Pass


You were on level 8 of the Dungeon.
You worshipped Uskayaw.
Uskayaw was noncommittal.
You visited 2 branches of the dungeon, and saw 9 of its levels.

You collected 486 gold pieces.
You spent 130 gold pieces at shops.

Inventory:

Hand Weapons
 a - a +0 falchion
 r - the +11 trident "Zyacan" (weapon) {venom, Int+3}
   (You found it on level 2 of the Dungeon)

   Int:       It affects your intelligence (+3).
 y - the +12 dagger "Vuret" {freeze, rElec rCorr Int-4 Dex+3}
   (You found it on level 4 of the Dungeon)

   Int:       It affects your intelligence (-4).
   Dex:       It affects your dexterity (+3).
   rElec:     It insulates you from electricity.
   rCorr:     It protects you from acid and corrosion.
Missiles
 f - 6 boomerangs (quivered)
Armour
 b - a +0 pair of gloves (worn)
 o - a +0 cloak (worn)
 t - the +4 ring mail of the Devil's Team {Rampage *Slow rElec}
   (You found it on level 3 of the Dungeon)

   rElec:     It insulates you from electricity.
   *Slow:     It may slow you when you take damage.
   Rampage:   It bestows one free step when moving towards enemies.
 v - +0 steam dragon scales
 A - a +3 leather armour of cold resistance (worn)
 B - a +0 pair of boots (worn)
 E - a +0 kite shield (worn)
Jewellery
 j - a +6 ring of intelligence
 w - an amulet of reflection
 z - a ring of fire
 D - a +5 ring of evasion
 G - an amulet of the acrobat
Wands
 g - a wand of digging (1)
 C - a wand of iceblast (5)
 H - a wand of flame (23)
Scrolls
 c - 3 scrolls of fog
 d - 6 scrolls of magic mapping
 e - 6 scrolls of fear
 h - a scroll of vulnerability
 i - 11 scrolls of identify
 l - a scroll of butterflies {unknown}
 m - 3 scrolls of immolation {unknown}
 n - 3 scrolls of noise {unknown}
 p - 2 scrolls of enchant weapon {unknown}
 q - 3 scrolls of teleportation
 F - a scroll of poison {unknown}
Potions
 k - 3 potions of curing {unknown}
 s - 2 potions of might
 u - 2 potions of haste
 x - a potion of mutation {unknown}


   Skills:
 + Level 6.3 Fighting
 - Level 2.6 Long Blades
 * Level 5.6 Polearms
 + Level 5.0 Armour
 - Level 4.3 Dodging
 - Level 4.5 Stealth
 + Level 2.6 Shields
 + Level 5.1 Unarmed Combat
 + Level 7.2 Invocations


You had 8 spell levels left.
You didn't know any spells.
Your spell library contained the following spells:

 Spells                   Type           Power      Damage    Failure   Level
 Apportation              Tloc           0%         N/A       71%         1
 Freeze                   Ice            0%         1d3       71%         1
 Necrotise                Necr           0%         1d4       71%         1
 Summon Small Mammal      Summ           0%         N/A       71%         1
 Call Canine Familiar     Summ           0%         N/A       97%         3
 Frozen Ramparts          Ice            0%         1d1       97%         3
 Hailstorm                Conj/Ice       0%         3d3       97%         3
 Ignite Poison            Fire/Tmut/Pois 0%         N/A       97%         3
 Kindle Blastsparks       Fire/Tloc/Air  0%         2d10      97%         3
 Summon Guardian Golem    Hex/Summ       0%         N/A       97%         3
 Alistair's Intoxication  Tmut/Pois      0%         N/A       100%        5
 Freezing Cloud           Conj/Ice/Air   0%         6-21      100%        5


Dungeon Overview and Level Annotations

Branches:
Dungeon (8/15)             Temple (1/1) D:5
   Lair: D:8-11

Altars:
Cheibriados
Dithmenos
Fedhas
Gozag
Hepliaklqana
Kikubaaqudgha
Makhleb
Nemelex Xobeh
Okawaru
Qazlal
Ru
Sif Muna
Trog
Uskayaw
Vehumet
Wu Jian
Xom
Yredelemnul

Shops:
D:2 ?

Annotations:
D:4 3 runed translucent doors, bande's ghost, amateur GrFi
D:8 Erica


Innate Abilities, Weirdness & Mutations

You have a pair of horns on your head.
You are partially covered in thin metallic scales. (AC +2)
Spells you cast may paralyse nearby enemies.


Message History

You now have 304 gold pieces (gained 6).
You now have 311 gold pieces (gained 7).
You now have 329 gold pieces (gained 18).
Found a scale mail.
d - 6 scrolls of magic mapping (gained 3)
You now have 344 gold pieces (gained 15).
You hear a distant slurping noise.
You hear a distant slurping noise.
Erica the Fiery-Tempered comes into view.
She is wielding a +1 scimitar of flaming.
Erica shouts!
Erica points at you and mumbles some strange words.
You resist with significant effort.
Erica is nearby!
Found a scroll of teleportation.
Found an escape hatch in the floor.
You now have 356 gold pieces (gained 12).
Okay, then.
q - 3 scrolls of teleportation (gained 1)
There are no items here.
Erica drinks a potion.
Erica's spells are empowered!
You puncture Erica!
Erica is poisoned.
Erica is moderately wounded.
Erica hits you with a +1 scimitar of flaming!
Erica burns you. Erica gestures at you while chanting.
You block the lance of force.
You puncture Erica!
Erica is heavily wounded.
Erica points at you and mumbles some strange words.
The bolt of poison hits you!!
You are poisoned.
You can now pass through a line of other dancers.
You puncture Erica!
Erica looks as sick as possible!
Erica is severely wounded.
You feel very sick.
Erica points at you and mumbles some strange words.
The lance of force hits you!!
* * * LOW HITPOINT WARNING * * *
You are knocked back by the lance of force.
You slam into the rock wall!
You die...

### ##.### ..# ......
###.#.# #.... #
#...#@# #....
#.#...#.#### #....
#..>..#....# #....
#.....#....# ##..
#.###.#....# ....
#@#....# ....
#.@....# #. ....
########...###.... ..
.................# .#
########...#####.##.#
#...#####.##.##
##.............
#...[......###
#.............


You could see Erica (empowered, extremely poisoned).

Vanquished Creatures
  Maurice (D:8)
  A steam dragon (D:7)
  A water moccasin (D:5)
  A black bear (D:5)
  4 ice beasts
  A centaur (D:7)
  2 phantoms (D:5)
  Blork the orc (D:4)
  A bullfrog (D:6)
  A gnoll sergeant (D:6)
  2 scorpions
  9 wights
  10 killer bees (D:7)
  A howler monkey (D:5)
  4 crimson imps (D:4)
  4 orc priests (D:7)
  A gnoll bouda (D:5)
  6 hounds
  An iron imp (D:6)
  3 jellies
  2 sleepcaps
  Ijyb (D:4)
  6 iguanas
  7 orc wizards
  9 gnolls
  11 adders
  2 shadow imps (D:5)
  A white imp (D:6)
  4 ufetubi
  5 worms
  3 dart slugs (D:5)
  23 orcs
  8 endoplasms
  3 giant cockroaches
  4 goblins
  5 hobgoblins
  4 jackals (D:2)
  8 kobolds
  4 quokkas
  8 ball pythons
  A bat (D:3)
  2 frilled lizards
  2 goblin skeletons (D:6)
  3 goblin zombies (D:6)
  A hobgoblin zombie (D:6)
  An orc skeleton (D:6)
  2 orc zombies (D:6)
  9 rats
194 creatures vanquished.

Vanquished Creatures (others)
  4 fungi
4 creatures vanquished.

Grand Total: 198 creatures vanquished

Notes
Turn   | Place    | Note
-------+----------+-------------------------------------------
     0 | D:5      | runemasterragnar the Demonspawn Delver began the quest for
                  | the Orb.
     0 | D:5      | Reached XP level 1. HP: 18/18 MP: 1/1
     9 | D:4      | Noticed an orc wizard
    88 | D:5      | Noticed an iguana
   148 | D:5      | Gained mutation: You have a pair of small horns on your
                  | head. [demonic ancestry]
   148 | D:5      | Reached XP level 2. HP: 9/24 MP: 2/2
   168 | D:5      | Noticed a black bear
   213 | D:5      | Found a staircase to the Ecumenical Temple.
   226 | Temple   | Entered the Ecumenical Temple
   270 | Temple   | Became a worshipper of Uskayaw the Reveller
   394 | D:5      | Reached * piety under Uskayaw
   401 | D:5      | Reached ** piety under Uskayaw
   418 | D:5      | Gained mutation: You are partially covered in thin metallic
                  | scales. (AC +2) [demonic ancestry]
   418 | D:5      | Reached XP level 3. HP: 4/29 MP: 3/3
   578 | D:5      | Noticed a water moccasin
   657 | D:2      | Reached skill level 1 in Invocations
   682 | D:2      | Reached skill level 1 in Unarmed Combat
   972 | D:1      | Gained mutation: Spells you cast may paralyse adjacent
                  | enemies. [demonic ancestry]
   972 | D:1      | Reached XP level 4. HP: 34/35 MP: 4/4
  1815 | D:2      | Found the +5 robe of Misfortune {Harm *Corrode *Slow EV+5}
  1830 | D:2      | Found Uchehube's Magic Scroll Shoppe.
  1836 | D:2      | Bought a scroll of teleportation for 30 gold pieces
  1836 | D:2      | Bought a scroll of identify for 20 gold pieces
  1864 | D:2      | Identified the +11 trident "Zyacan" {venom, Int+3}
  2032 | D:2      | Found a faded altar of an unknown god.
  2118 | D:2      | Reached skill level 1 in Armour
  2526 | D:3      | Identified the +4 ring mail of the Devil's Team {Rampage
                  | *Slow rElec}
  2585 | D:3      | Reached skill level 2 in Invocations
  2587 | D:3      | Gained mutation: Spells you cast may paralyse nearby
                  | enemies. [demonic ancestry]
  2587 | D:3      | Reached XP level 5. HP: 41/41 MP: 6/6
  3062 | D:4      | Noticed Blork the orc
  3072 | D:4      | Killed Blork the orc
  3073 | D:4      | Reached skill level 1 in Polearms
  3102 | D:4      | Gained mutation: You have a pair of horns on your head.
                  | [demonic ancestry]
  3102 | D:4      | Reached XP level 6. HP: 36/48 MP: 6/8
  3181 | D:4      | Noticed Ijyb
  3184 | D:4      | Identified the +12 dagger "Vuret" {freeze, rElec rCorr
                  | Int-4 Dex+3}
  3194 | D:4      | Paralysed by Ijyb for 5 turns
  3199 | D:4      | Killed Ijyb
  3200 | D:4      | Reached skill level 3 in Invocations
  3268 | D:4      | Found a blossoming altar of Fedhas.
  3401 | D:4      | Found a runed translucent gate.
  3405 | D:4      | Found a snail-covered altar of Cheibriados.
  3430 | D:4      | Found a runed translucent gate.
  3430 | D:4      | Found a runed translucent gate.
  3431 | D:4      | Noticed bande's ghost (amateur GrFi)
  3453 | D:4      | Found an ornate altar of the Wu Jian Council.
  3538 | D:4      | Found a shimmering altar of Xom.
  3546 | D:4      | Reached *** piety under Uskayaw
  3547 | D:4      | Reached **** piety under Uskayaw
  3551 | D:4      | Reached XP level 7. HP: 54/54 MP: 9/9
  3691 | D:2      | Bought a scroll of vulnerability for 40 gold pieces
  3691 | D:2      | Bought a scroll of identify for 20 gold pieces
  3691 | D:2      | Bought a scroll of identify for 20 gold pieces
  3753 | D:5      | Found a burning altar of Makhleb.
  3785 | D:5      | Reached skill level 4 in Invocations
  3898 | D:5      | Reached XP level 8. HP: 61/61 MP: 11/11
  3920 | D:5      | Reached ***** piety under Uskayaw
  3959 | D:5      | Reached skill level 5 in Fighting
  3959 | D:5      | Reached skill level 5 in Invocations
  4733 | D:6      | Found a hazy altar of Hepliaklqana.
  4854 | D:6      | Reached skill level 6 in Invocations
  4854 | D:6      | Reached XP level 9. HP: 68/68 MP: 13/13
  5380 | D:6      | Reached skill level 1 in Shields
  6304 | D:7      | Reached skill level 5 in Polearms
  6445 | D:7      | Reached skill level 5 in Unarmed Combat
  6445 | D:7      | Reached skill level 7 in Invocations
  6847 | D:8      | Noticed Maurice
  6861 | D:8      | Killed Maurice
  6862 | D:8      | Reached skill level 5 in Armour
  6951 | D:8      | Noticed Erica
  6962 | D:8      | HP: 1/70 [Erica/lance of force (21)]
  6962 | D:8      | Collided with a rock wall

Illustrated notes

Levels and vault maps discovered:
D:1:      minmay_arrival_three_doors, layout_loops_corners, st_stairs_14,
          minmay_tetromino_s2
D:2:      minmay_spotlight, layout_loops_corners, serial_shops, shop,
          hellmonk_ecumenical_altar_inner_sanctum, minmay_shallow_snake_nest
D:3:      layout_loops_ring
D:4:      layout_cave_pools, pdpol_wu_jian_five_deadly_venoms, led_xom_imps,
          mainiacjoe_overflow_chevrons, mainiacjoe_overflow_tiny_flanked,
          gammafunk_ghost_necromancy, uniq_ijyb, uniq_blork_the_orc
D:5:      layout_loops_corners, mainiacjoe_overflow_cross_hatched,
          minmay_temple_entry_glassed_door, nzn_random_ring
D:6:      layout_loops_ring, mainiacjoe_overflow_catwalk,
          nicolae_tso_besieged_by_evil, fountainhead, fountainhead,
          nrook_mini_vaults
D:7:      layout_basic
D:8:      layout_basic, zin_academy, hex_tiny, dreamdust_wishing_well,
          wad_mini_maze, uniq_erica, uniq_maurice
Temple:   nicolae_temple_ecumenical_triangle

Skill      XL: |  1  2  3  4  5  6  7  8  9 |
---------------+----------------------------+-----
Long Blades    | 2 |  2.6
Dodging        | 2 3 4 |  4.3
Invocations    | 1 2 3 4 6 7 |  7.2
Unarmed Combat | 1 2 3 4 5 |  5.1
Armour         | 1 2 3 4 5 |  5.0
Polearms       | 1 2 3 5 |  5.6
Fighting       | 4 5 6 |  6.3
Shields        | 2 |  2.6
Stealth        | |  4.5

Action                     |  1- 3 |  4- 6 |  7- 9 || total
---------------------------+-------+-------+-------++-------
  Melee: Falchion          |    91 |    54 |       ||   145
         Headbutt          |     8 |    10 |    28 ||    46
         Punch             |     1 |     1 |     2 ||     4
         Trident           |       |    63 |   250 ||   313
  Throw: Boomerang         |    13 |       |       ||    13
 Invoke: Stomp             |       |     1 |     2 ||     3
         Line Pass         |       |       |     1 ||     1
  Evoke: Wand              |     2 |       |       ||     2
    Use: Potion            |     1 |       |     8 ||     9
         Scroll            |       |       |     4 ||     4
   Stab: Sleeping          |       |     7 |     8 ||    15
         Paralysed         |       |     1 |    13 ||    14
         Distracted        |       |       |     4 ||     4
         Fleeing           |       |       |     1 ||     1
 Armour: Leather armour    |     4 |     4 |    92 ||   100
         Ring mail         |    23 |    32 |       ||    55
  Dodge: Dodged            |    55 |    45 |   109 ||   209
  Block: Kite shield       |       |       |    57 ||    57

Table legend: (Time is in decaauts)
 A = Elapsed time spent in this place.
 B = Non-inter-level travel time spent in this place.
 C = Inter-level travel time spent in this place.
 D = Time resting spent in this place.
 E = Time spent auto-exploring this place.
 F = Levels seen in this place.
 G = Mean time per level.
                   A        B        C        D        E       F      G
               +--------+--------+--------+--------+--------+-----+--------+
         Total |   7050 |   6807 |    243 |    764 |   4430 |   9 |  783.3 |
       Dungeon |   6988 |   6745 |    243 |    764 |   4430 |   8 |  873.5 |
        Temple |     61 |     61 |      0 |      0 |      0 |   1 |   61.0 |
               +--------+--------+--------+--------+--------+-----+--------+

Top non-repeatable levels by time:
     D:5: 1388 daAuts
     D:2: 1216 daAuts
     D:6: 1191 daAuts
     D:7: 1107 daAuts
     D:1: 712 daAuts
     D:4: 633 daAuts
     D:3: 622 daAuts
     D:8: 116 daAuts
  Temple: 61 daAuts
